 Dungeon Crawl Stone Soup version 0.26-a0-70-g31f1466007 (webtiles) character file.

Game seed: 10197805305682387259

2468 Arctilankyr the Covered (level 9, -5/71 HPs)
             Began as a Demonspawn Berserker on June 14, 2020.
             Was an Elder of Trog.
             Slain by a porcupine (6 damage)
             ... on level 8 of the Dungeon.
             The game lasted 00:30:19 (5090 turns).

Arctilankyr the Covered (Demonspawn Berserker)      Turns: 5090, Time: 00:30:20

Health: -5/71      AC: 15    Str: 20    XL:     9   Next: 26%
Magic:  9/9        EV:  9    Int:  8    God:    Trog [****..]
Gold:   464        SH:  0    Dex: 14    Spells: 8/8 levels left

rFire    . . .     SeeInvis .   o - +1 trident (vorpal)
rCold    + + .     Gourm    .   (no shield)
rNeg     . . .     Faith    .   H - +1 chain mail of Rareorph {Stlth+} (curse)
rPois    .         Spirit   .   G - +1 helmet
rElec    .         Reflect  .   (no cloak)
rCorr    .         Harm     .   x - +0 pair of gloves
MR       ++...     Rnd*Tele +   (no boots)
Stlth    ..........             (no amulet)
HPRegen  1.61/turn              y - ring of protection from cold
MPRegen  0.11/turn              s - ring of ice

@: berserk cooldown, regenerating, slowed, very slow
A: claws 2, blurry vision 1, fire resistance 1, regeneration 1, teleportitis 1
a: Berserk, Trog's Hand, Brothers in Arms, Renounce Religion


You were on level 8 of the Dungeon.
You worshipped Trog.
Trog was greatly pleased with you.
You were hungry.

You visited 1 branch of the dungeon, and saw 8 of its levels.
You also visited: Sewer.

You collected 464 gold pieces.

Inventory:

Hand Weapons
 a - a +0 falchion
 h - a +0 hunting sling
 o - a +1 vorpal trident (weapon)
 J - a +0 battleaxe
Armour
 n - a +0 ring mail
 u - a +0 helmet
 x - a +0 pair of gloves (worn)
 G - a +1 helmet (worn)
 H - the cursed +1 chain mail of Rareorph (worn) {Stlth+}
   (You found it on level 7 of the Dungeon)

   It makes you more stealthy.
   It has a curse placed upon it.
 K - a +0 plate armour
Jewellery
 b - an uncursed ring of flight
 l - an uncursed ring of flight
 s - a ring of ice (right hand)
 w - an uncursed ring of fire
 y - a ring of protection from cold (left hand)
Wands
 F - a wand of flame (11)
Scrolls
 d - 3 scrolls of fog {unknown}
 g - 2 scrolls of fear {unknown}
 i - 7 scrolls of remove curse {unknown}
 j - a scroll of magic mapping {unknown}
 k - 2 scrolls of enchant weapon {unknown}
 m - 3 scrolls of random uselessness {unknown}
 t - 3 scrolls of enchant armour {unknown}
 B - 6 scrolls of teleportation {unknown}
 I - a scroll of immolation {unknown}
Potions
 e - 2 potions of degeneration
 f - a potion of heal wounds
 p - 3 potions of stabbing
 q - 2 potions of haste {unknown}
 r - 4 potions of flight {unknown}
 v - a potion of magic {unknown}
 z - 3 potions of might
 A - a potion of resistance {unknown}
 C - 3 potions of brilliance {unknown}
 D - a potion of berserk rage {unknown}
 E - 4 potions of curing
Comestibles
 c - 16 rations


   Skills:
 * Level 6.5 Fighting
 + Level 3.8 Long Blades
 + Level 6.4 Polearms
 * Level 7.0 Armour
 - Level 3.0 Dodging
 - Level 0.2 Stealth


You had 8 spell levels left.
You didn't know any spells.
Your spell library contained the following spells:

 Spells                   Type           Power        Failure   Level  Hunger
 Magic Dart               Conj           #...         98%         1    ##.....
 Searing Ray              Conj           #.....       99%         2    ###....
 Dazzling Flash           Conj/Hex       #.....       100%        3    ####...
 Fulminant Prism          Conj/Hex       #.........   100%        4    #####..
 Iskenderun's Mystic Bla  Conj/Tloc      #.......     100%        4    #####..


Dungeon Overview and Level Annotations

Branches:
Dungeon (8/15)             Temple (0/1) D:7           Sewer (visited)
   Lair: D:8-11

Altars:
Ashenzari
Cheibriados
Dithmenos
Gozag
The Shining One

Annotations:
D:3 1 runed translucent door, Flubber's ghost, amateur MiFi


Innate Abilities, Weirdness & Mutations

You have very sharp fingernails.
Your flesh is heat resistant. (rF+)
Scrolls take you a little longer to read.
Your natural rate of healing is unusually fast.
You are occasionally teleported next to monsters.


Message History

The porcupine barely misses you.
You closely miss the porcupine.
The porcupine is moderately wounded.
The porcupine bites you but does no damage.
The porcupine barely misses you.
You barely miss the porcupine.
The porcupine is moderately wounded.
The porcupine bites you but does no damage. x2
You are struck by the porcupine's spines.
* * * LOW HITPOINT WARNING * * *
You closely miss the porcupine.
The porcupine is moderately wounded.
The porcupine closely misses you. The porcupine bites you!
* * * LOW HITPOINT WARNING * * *
Your chain mail of Rareorph prevents you from hitting the porcupine.
The porcupine is moderately wounded.
The porcupine bites you!
* * * LOW HITPOINT WARNING * * *
The porcupine bites you.
You die...

###### ##.<... #.##.....
####### #######.##.<...
#.#.#.#++#.#.#..........
####......................(
#....................##....
.......P..@...P......##.#.#
#.......[r.†............#.#
#......[.............###...
.....#<)†##..........###...
.......#####.##............
#....## #.#...##(#.##...
#.... #.#.#.##...##.>. #...
......##..###### ...
..........#


You could see a porcupine.

Vanquished Creatures
  A porcupine (D:8)
  Duvessa (D:6)
  3 sky beasts
  Purgy (Sewer)
  An orc warrior (D:8)
  3 ogres
  A centaur (D:6)
  2 phantoms
  Blork the orc (D:6)
  2 bullfrogs
  A scorpion (D:6)
  Dowan (D:6)
  A howler monkey (D:5)
  2 crimson imps
  4 hounds
  A bullfrog zombie (D:7)
  A jelly (D:6)
  2 orc priests (D:8)
  7 orc wizards
  Natasha (D:2)
  7 worker ants
  A worker ant zombie (D:8)
  4 gnolls (D:4)
  7 adders
  A river rat (D:5)
  2 oozes
  2 worms
  3 dart slugs
  2 leopard geckos
  22 orcs
  3 bats
  15 giant cockroaches
  3 goblins (D:1)
  8 hobgoblins
  4 jackals (D:1)
  2 kobolds
  3 quokkas
  6 ball pythons
  5 frilled lizards
  2 jackal zombies (D:5)
  A leopard gecko skeleton (D:7)
  A quokka skeleton (D:6)
  A quokka zombie (D:8)
  6 rats
148 creatures vanquished.

Notes
Turn   | Place    | Note
-------+----------+-------------------------------------------
     0 | D:1      | Arctilankyr the Demonspawn Berserker began the quest for
                  | the Orb.
     0 | D:1      | Reached XP level 1. HP: 18/18 MP: 1/1
    90 | D:1      | Gained mutation: Your flesh is heat resistant. (rF+)
                  | [demonic ancestry]
    90 | D:1      | Reached XP level 2. HP: 17/24 MP: 2/2
   185 | D:1      | Gained mutation: Scrolls take you a little longer to read.
                  | [potion of mutation]
   185 | D:1      | Gained mutation: You are occasionally teleported next to
                  | monsters. [potion of mutation]
   185 | D:1      | Gained mutation: Your natural rate of healing is unusually
                  | fast. [potion of mutation]
   273 | D:1      | Reached XP level 3. HP: 13/29 MP: 3/3
   476 | D:2      | Found a shattered altar of Ashenzari.
   491 | D:2      | Reached ** piety under Trog
   666 | D:2      | Found a shadowy altar of Dithmenos.
   726 | D:2      | Reached skill level 2 in Armour
   820 | D:2      | Noticed Natasha
   829 | D:2      | Killed Natasha
   829 | D:2      | Gained mutation: You have sharp fingernails. [demonic
                  | ancestry]
   829 | D:2      | Reached XP level 4. HP: 36/36 MP: 4/4
  1421 | D:3      | Reached skill level 1 in Polearms
  1421 | D:3      | Reached XP level 5. HP: 36/42 MP: 5/5
  1578 | D:3      | Found a runed translucent door.
  1580 | D:3      | Noticed Flubber's ghost (amateur MiFi)
  1600 | D:3      | Found a snail-covered altar of Cheibriados.
  1609 | D:3      | Found a glowing golden altar of the Shining One.
  1967 | D:4      | Reached *** piety under Trog
  2402 | D:4      | Noticed a phantom
  2423 | D:4      | Reached XP level 6. HP: 22/48 MP: 6/6
  2550 | D:5      | Entered Level 5 of the Dungeon
  2556 | D:5      | Reached skill level 3 in Armour
  2689 | D:5      | Noticed a sky beast
  2705 | D:5      | Reached XP level 7. HP: 44/54 MP: 7/7
  2722 | D:5      | Reached skill level 4 in Armour
  2988 | D:5      | Found a glowing drain.
  3082 | Sewer    | Entered a sewer
  3108 | Sewer    | Noticed Purgy
  3142 | Sewer    | Killed Purgy
  3310 | D:6      | Reached skill level 5 in Armour
  3310 | D:6      | Gained mutation: You have very sharp fingernails. [demonic
                  | ancestry]
  3310 | D:6      | Reached XP level 8. HP: 56/61 MP: 8/8
  3442 | D:6      | Reached skill level 5 in Fighting
  3469 | D:6      | Found a snail-covered altar of Cheibriados.
  3557 | D:6      | Reached **** piety under Trog
  3639 | D:6      | Reached skill level 5 in Polearms
  3878 | D:6      | Noticed Duvessa
  3878 | D:6      | Noticed Dowan
  3883 | D:6      | Killed Dowan
  3883 | D:6      | Reached skill level 6 in Armour
  3890 | D:6      | Killed Duvessa
  4253 | D:6      | Noticed Blork the orc
  4257 | D:6      | Killed Blork the orc
  4364 | D:7      | Got a steaming chain mail
  4375 | D:7      | Identified the cursed +1 chain mail of Rareorph {Stlth+}
                  | (You found it on level 7 of the Dungeon)
  4465 | D:7      | Found a staircase to the Ecumenical Temple.
  4490 | D:7      | Reached XP level 9. HP: 32/69 MP: 9/9
  4704 | D:7      | Found an opulent altar of Gozag.
  5084 | D:8      | Reached skill level 7 in Armour
  5090 | D:8      | HP: 1/71 [porcupine (10)]
  5090 | D:8      | Slain by a porcupine

Illustrated notes

Levels and vault maps discovered:
D:1:      lemuel_arrival_broad_hall, layout_basic
D:2:      layout_loops_ring, nicolae_overflow_crystal_walls,
          lemuel_coloured_pillars_altar, st_stairs_11, uniq_natasha
D:3:      layout_basic, cheibriados_altar_1, overflow_temple_1_default,
          ebering_ghost_reflecting_pool, hangedman_decor_points
D:4:      layout_layer_cave, first_ration, minmay_misc_feat_ornament
D:5:      layout_basic, lemuel_crystal_altar, lemuel_crystal_altar,
          gup_sewer_entry_bowl
D:6:      layout_gridville, basic_altar, abandoned_shop, uniq_duvessa,
          uniq_blork_the_orc
D:7:      layout_loops_ring, nicolae_gozag_cash_rules_everything_around_me,
          minmay_temple_entry_arrows
D:8:      layout_rooms, lemuel_blue_sif_altar, minmay_lair_entry_grove,
          blue_anna_alchemist [blue_anna_fruit_fields, blue_anna_fruit_fields],
          uniq_maurice

Skill      XL: |  1  2  3  4  5  6  7  8  9 |
---------------+----------------------------+-----
Long Blades    | 3 |  3.8
Dodging        | 2 3 |  3.0
Armour         | 2 3 5 6 7 |  7.0
Polearms       | 1 2 3 4 6 |  6.4
Fighting       | 4 6 |  6.5
Stealth        | |  0.2

Action                   |  1- 3 |  4- 6 |  7- 9 || total
-------------------------+-------+-------+-------++-------
Melee: Falchion          |   118 |       |       ||   118
       Trident           |    12 |   188 |   333 ||   533
Invok: Berserk           |     2 |     2 |     5 ||     9
       Trog's Hand       |       |       |     5 ||     5
  Use: Scroll            |     1 |     4 |     1 ||     6
       Potion            |     1 |       |     3 ||     4
 Stab: Sleeping          |     1 |       |       ||     1
  Eat: Chunk             |     1 |     1 |     2 ||     4
       Ration            |       |     3 |     3 ||     6
Armor: Animal skin       |    23 |       |       ||    23
       Ring mail         |     9 |    60 |   169 ||   238
       Chain mail        |       |       |    59 ||    59
Dodge: Dodged            |    82 |   104 |   281 ||   467
       Rpst.: Falchion   |    21 |       |       ||    21

Table legend:
 A = Non-vault XP
 B = Vault XP
 C = Vault XP percentage of total XP
 D = Non-vault monster count
 E = Vault monster count
 F = Vault count percentage of total count
                 A         B        C        D         E       F
            +---------+---------+-------+---------+---------+-------
      Total |    2837 |     690 |  19.6 |     129 |      19 |  12.8
            +---------+---------+-------+---------+---------+-------
        D:1 |      46 |       0 |   0.0 |      21 |       0 |   0.0
        D:2 |      48 |      41 |  46.1 |      16 |       4 |  20.0
        D:3 |     116 |       0 |   0.0 |      22 |       0 |   0.0
        D:4 |     259 |       0 |   0.0 |      11 |       0 |   0.0
        D:5 |     706 |      16 |   2.2 |      18 |       2 |  10.0
        D:6 |     986 |     305 |  23.6 |      23 |       3 |  11.5
        D:7 |     302 |       0 |   0.0 |       6 |       0 |   0.0
        D:8 |     374 |     145 |  27.9 |      12 |       1 |   7.7
      Sewer |       0 |     183 | 100.0 |       0 |       9 | 100.0
            +---------+---------+-------+---------+---------+-------
